 Dungeon Crawl Stone Soup version 0.23.2-1-ga50397a6bc (webtiles) character file.

Game seed: 14799587782533689883

442 Kobolds4U the Carver (level 6, -3/45 HPs)
             Began as a Minotaur Fighter on May 1, 2019.
             Was an Initiate of Hepliaklqana.
             Killed by divine providence
             ... invoked by an orc priest
              (13 damage)
             ... on level 4 of the Dungeon.
             The game lasted 00:09:25 (3865 turns).

Kobolds4U the Carver (Minotaur Fighter)             Turns: 3865, Time: 00:09:26

Health: -3/45      AC:  9    Str: 21    XL:     6   Next: 71%
Magic:  5/5        EV:  5    Int:  5    God:    Hepliaklqana [......]
Gold:   252        SH:  9    Dex: 11    Spells: 5/5 levels left

rFire    . . .     SeeInvis +   a - +0 long sword
rCold    . . .     Gourm    .   c - +0 shield
rNeg     . . .     Faith    .   r - +0 chain mail
rPois    .         Spirit   .   (helmet restricted)
rElec    .         Reflect  .   p - scarf {cloud immunity}
rCorr    .         Harm     .   (no gloves)
MR       .....                  (no boots)
Stlth    ..........             (no amulet)
HPRegen  0.15/turn              w - ring of see invisible
MPRegen  0.09/turn              (no ring)

@: no status effects
A: retaliatory headbutt, reduced essence, horns 2
a: Recall Ancestor, Ancestor Identity, Renounce Religion


You were on level 4 of the Dungeon.
You worshipped Hepliaklqana.
Hepliaklqana was noncommittal.
You were not hungry.

You visited 1 branch of the dungeon, and saw 5 of its levels.

You collected 252 gold pieces.

Inventory:

Hand Weapons
 a - a +0 long sword (weapon)
Armour
 c - a +0 shield (worn)
 p - a scarf of cloud immunity (worn)
 r - a +0 chain mail (worn)
Jewellery
 w - a ring of see invisible (left hand)
Scrolls
 b - 3 scrolls of teleportation {unknown}
 e - 2 scrolls of remove curse
 h - a scroll of random uselessness {unknown}
 i - a scroll of blinking {unknown}
 m - 3 scrolls of noise {unknown}
 o - a scroll of magic mapping {unknown}
 s - a scroll of fear {unknown}
 u - a scroll of immolation {unknown}
 y - a scroll of fog {unknown}
Potions
 d - a potion of might
 g - a potion of agility {unknown}
 j - 2 potions of mutation {unknown}
 k - 3 potions of haste {unknown}
 l - 5 potions of curing
 n - 4 potions of brilliance {unknown}
 q - 2 potions of magic {unknown}
 t - a potion of invisibility {unknown}
 v - a potion of lignification {unknown}
 x - 2 potions of cancellation {unknown}
Comestibles
 f - 10 rations
 z - 5 chunks of flesh


   Skills:
 - Level 3.6 Fighting
 + Level 8.8 Long Blades
 - Level 3.6 Armour
 - Level 3.6 Shields


You had 5 spell levels left.
You didn't know any spells.
Your spell library was empty.

Dungeon Overview and Level Annotations

Branches:
Dungeon (5/15)             Temple (0/1) D:5

Altars:
Cheibriados
Dithmenos
Hepliaklqana
Trog
Vehumet
Xom
Zin


Innate Abilities, Weirdness & Mutations

You reflexively headbutt those who attack you in melee.
You have a pair of horns on your head.
Your life essence is reduced to manifest your ancestor. (-10% HP)


Message History

The orc wizard is moderately wounded.
The hound barely misses Octavius.
You block the orc's attack. You block the orc wizard's attack.
The orc priest mumbles some strange prayers to Beogh against you.
Pain shoots through your body!
Octavius hits the hound.
The orc priest hits you but does no damage.
The hound bites Octavius but does no damage.
The orc wizard points at you and mumbles some strange words.
The magic dart hits you. You block the orc's attack.
Octavius hits the hound.
The hound closely misses Octavius.
The orc priest invokes the aid of Beogh against you.
Beogh smites you!
* * * LOW HITPOINT WARNING * * *
You block the orc wizard's attack.
You climb upwards.
There is a stone staircase leading down here.
Octavius hits the orc wizard.
You block the orc's attack.
The orc priest invokes the aid of Beogh against you.
Beogh smites you!
You die...

#..##### ##...## ..####
##.....##
.....#####.......#
####.............#
.########........###
...................#
#.....####.......#.#
#####..........o.#.####
##########....oo@.....#
........###.....R.....#
###.###...##..........#
.##.#####.....##......#
.....##.....####......#
##......##.####.......#
.#...).###............#
...#........###########
#.....#.......#


You could see the friendly Octavius the ancestor, an orc priest, an orc wizard
(invisible) and an orc.

Vanquished Creatures
  2 orc priests
  2 worker ants (D:4)
  Natasha (twice) (D:2)
  A gnoll (D:4)
  4 adders
  2 oozes (D:3)
  3 worms
  3 dart slugs
  A leopard gecko (D:2)
  6 orcs (D:3)
  A ball python (D:1)
  8 giant cockroaches
  3 goblins
  10 hobgoblins
  11 jackals
  A quokka (D:2)
  7 bats
  6 frilled lizards
  9 kobolds
  9 rats
91 creatures vanquished.

Vanquished Creatures (collateral kills)
  An ogre (D:5)
  2 gnolls (D:4)
  2 adders (D:4)
  An orc (D:5)
  A giant cockroach (D:4)
7 creatures vanquished.

Vanquished Creatures (others)
  An ancestor (D:5)
1 creature vanquished.

Grand Total: 99 creatures vanquished

Notes
Turn   | Place    | Note
-------+----------+-------------------------------------------
     0 | D:1      | Kobolds4U the Minotaur Fighter began the quest for the Orb.
     0 | D:1      | Reached XP level 1. HP: 19/19 MP: 0/0
    24 | D:1      | Reached skill level 3 in Long Blades
    34 | D:1      | Reached XP level 2. HP: 20/26 MP: 1/1
   404 | D:1      | Reached skill level 4 in Long Blades
   580 | D:1      | Reached XP level 3. HP: 31/31 MP: 2/2
   984 | D:2      | Noticed Natasha
   993 | D:2      | Killed Natasha
   993 | D:2      | Reached skill level 5 in Long Blades
  1104 | D:2      | Found a radiant altar of Vehumet.
  1137 | D:2      | Reached XP level 4. HP: 36/39 MP: 3/3
  1208 | D:2      | Noticed an angel
  1209 | D:2      | Found a shimmering altar of Xom.
  1209 | D:2      | Found a glowing silver altar of Zin.
  1343 | D:2      | Found a hazy altar of Hepliaklqana.
  1460 | D:2      | Noticed Natasha
  1500 | D:2      | HP: 1/39 [Natasha (6)]
  1501 | D:2      | Killed Natasha
  1501 | D:2      | Reached skill level 6 in Long Blades
  1831 | D:2      | Found a faded altar of an unknown god.
  1874 | D:2      | Reached XP level 5. HP: 34/45 MP: 4/4
  2194 | D:3      | Reached skill level 7 in Long Blades
  2766 | D:3      | Found a snail-covered altar of Cheibriados.
  2904 | D:3      | Found a shadowy altar of Dithmenos.
  2912 | D:3      | Found a bloodstained altar of Trog.
  2976 | D:2      | Became a worshipper of Hepliaklqana the Forgotten
  3019 | D:4      | Reached XP level 6. HP: 22/45 MP: 5/5
  3356 | D:4      | Reached skill level 8 in Long Blades
  3378 | D:4      | Found a shimmering altar of Xom.
  3606 | D:5      | Entered Level 5 of the Dungeon
  3613 | D:5      | Found a staircase to the Ecumenical Temple.
  3865 | D:4      | Killed from afar by an orc priest

Skill      XL: |  1  2  3  4  5  6 |
---------------+-------------------+-----
Long Blades    | 3 4 5 6 7 8 |  8.8
Fighting       | |  3.6
Armour         | |  3.6
Shields        | |  3.6

Action                   |  1- 3 |  4- 6 || total
-------------------------+-------+-------++-------
Melee: Long sword        |    98 |   167 ||   265
       Headbutt          |    15 |    30 ||    45
Invok: Ancestor Identity |       |     1 ||     1
  Use: Potion            |       |     1 ||     1
       Scroll            |       |     1 ||     1
  Eat: Chunk             |     1 |     9 ||    10
Armor: Scale mail        |    49 |    45 ||    94
       Chain mail        |       |    29 ||    29
Dodge: Dodged            |    28 |    43 ||    71
Block: Shield            |    55 |   110 ||   165
       Rpst.: Long sword |    10 |    13 ||    23
